 Dungeon Crawl Stone Soup version 0.28-a0-925-gd5e1996cdb (webtiles) character file.

Game seed: 6299975209686905605

5513 dolemite99 the Cleaver (level 10, -4/88 HPs)
             Began as a Minotaur Fighter on Nov 27, 2021.
             Was an Elder of Elyvilon.
             Slain by Snorg (5 damage)
             ... on level 10 of the Dungeon.
             The game lasted 00:13:33 (11310 turns).

dolemite99 the Cleaver (Minotaur Fighter)          Turns: 11310, Time: 00:13:34

Health: -4/88      AC: 16    Str: 23    XL:     10   Next: 43%
Magic:  11/13      EV:  8    Int: 11    God:    Elyvilon [****..]
Gold:   206        SH:  9    Dex: 11    Spells: 9/9 levels left

rFire   . . .      SeeInvis .   b - +4 broad axe (freeze)
rCold   . . .      Faith    .   c - +0 buckler
rNeg    . . .      Spirit   .   E - +0 chain mail
rPois   .          Reflect  +   (helmet restricted)
rElec   .          Harm     .   u - +1 cloak
rCorr   .          Rampage  .   A - +2 pair of gloves
Will    .....                   (no boots)
Stlth   ..........              J - amulet of reflection
HPRegen 0.24/turn               p - +6 ring of intelligence
MPRegen 0.13/turn               (no ring)

@: no status effects
A: horns 2, retaliatory headbutt
a: Renounce Religion, Purification, Heal Other, Heal Self


You were on level 10 of the Dungeon.
You worshipped Elyvilon.
Elyvilon was greatly pleased with you.
You visited 1 branch of the dungeon, and saw 10 of its levels.

You collected 1005 gold pieces.
You spent 799 gold pieces at shops.

Inventory:

Hand Weapons
 a - a +0 war axe
 b - a +4 broad axe of freezing (weapon)
 n - a +0 mace of holy wrath
 v - a +0 shortbow of venom
Missiles
 f - 134 arrows
 h - 35 poisoned darts (quivered)
 q - 50 bolts
Armour
 c - a +0 buckler (worn)
 u - a +1 cloak (worn)
 A - a +2 pair of gloves (worn)
 E - a +0 chain mail (worn)
Jewellery
 e - a ring of ice
 p - a +6 ring of intelligence (left hand)
 J - an amulet of reflection (around neck)
Wands
 s - a wand of paralysis (30)
 B - a wand of iceblast (6)
 D - a wand of charming (14)
 F - a wand of acid (12)
 G - a wand of mindburst (17)
 H - a wand of flame (25)
Scrolls
 d - a scroll of blinking
 g - 2 scrolls of fear
 m - 3 scrolls of magic mapping
 o - 4 scrolls of fog
 y - 2 scrolls of teleportation
 C - 3 scrolls of identify {@r1}
 L - a scroll of enchant weapon
Potions
 i - a potion of mutation
 j - 3 potions of flight
 k - a potion of lignification
 l - 6 potions of curing
 r - a potion of haste
 t - a potion of ambrosia
 w - 2 potions of magic {unknown}
 x - a potion of might
 z - 2 potions of attraction
 I - a potion of cancellation {unknown}
 K - a potion of resistance {unknown}


   Skills:
 + Level 7.8 Fighting
 - Level 13.9 Axes
 + Level 7.8 Armour
 - Level 3.6 Shields
 + Level 6.4 Invocations


You had 9 spell levels left.
You didn't know any spells.
Your spell library contained the following spells:

 Spells                   Type           Power      Damage    Failure   Level
 Summon Small Mammal      Summ           0%         N/A       93%         1
 Corpse Rot               Necr/Air       0%         N/A       98%         2
 Ensorcelled Hibernation  Hex/Ice        0%         N/A       98%         2
 Static Discharge         Conj/Air       0%         N/A       98%         2
 Call Canine Familiar     Summ           0%         N/A       100%        3
 Dazzling Flash           Conj/Hex       0%         N/A       100%        3
 Summon Guardian Golem    Hex/Summ       0%         N/A       100%        3
 Tukima's Dance           Hex            0%         N/A       100%        3
 Dispel Undead            Necr           0%         3d6       100%        4
 Passage of Golubria      Tloc           0%         N/A       100%        4
 Sticky Flame             Conj/Fire      0%         2d3       100%        4
 Agony                    Necr           0%         N/A       100%        5
 Silence                  Hex/Air        0%         N/A       100%        5
 Yara's Violent Unravell  Hex/Tmut       0%         3d3       100%        5
 Death Channel            Necr           0%         N/A       100%        6
 Chain Lightning          Conj/Air       0%         N/A       100%        9
 Fire Storm               Conj/Fire      0%         5d1       100%        9
 Shatter                  Erth           0%         3d5*      100%        9


Dungeon Overview and Level Annotations

Branches:
Dungeon (10/15)            Temple (0/1) D:7            Lair (0/6) D:9
    Orc (0/2) D:9

Altars:
Elyvilon
Fedhas
Hepliaklqana
Kikubaaqudgha
Nemelex Xobeh
Okawaru
Ru
Sif Muna

Shops:
D:1 (   D:3 *   D:5 =*??   D:7 [   D:8 *

Annotations:
D:5 2 transporters, frimble's ghost, novice TrWr
D:10 Snorg


Innate Abilities, Weirdness & Mutations

You have a pair of horns on your head.
You reflexively headbutt those who attack you in melee.


Message History

The bolt of acid hits Snorg!
Snorg seems to be corroded for longer.
Snorg is moderately wounded.
Snorg completely misses you. Snorg claws you but does no damage. x2
Snorg barely misses you. You block Snorg's attack. x2
You barely miss Snorg. You headbutt Snorg!
Snorg is moderately wounded.
Snorg completely misses you. You furiously retaliate!
You headbutt Snorg, but do no damage. Snorg closely misses you.
You block Snorg's attack.
You slash Snorg! You freeze Snorg. Your headbutt misses Snorg.
Snorg is heavily wounded.
Snorg bites you. Snorg claws you! You block Snorg's attack.
You barely miss Snorg. You headbutt Snorg!
Snorg is heavily wounded.
Snorg closely misses you. You furiously retaliate!
You headbutt Snorg!
You block Snorg's attack. x4; Snorg claws you.
You hit Snorg. You freeze Snorg.
Snorg is heavily wounded.
Snorg barely misses you. Snorg claws you but does no damage.
You block Snorg's attack.
You slash Snorg! You freeze Snorg. You headbutt Snorg!
Snorg is severely wounded.
Snorg bites you! You block Snorg's attack. x2
Snorg bites you but does no damage. You block Snorg's attack.
Snorg claws you but does no damage.
You slash Snorg! You freeze Snorg. Your headbutt misses Snorg.
Snorg is severely wounded.
Snorg barely misses you. You furiously retaliate!
You headbutt Snorg. Snorg closely misses you. Snorg claws you!
You closely miss Snorg.
Snorg is almost dead.
Snorg bites you! You block Snorg's attack. Snorg claws you!
* * * LOW HITPOINT WARNING * * *
You are healed.
Snorg bites you! Snorg barely misses you. Snorg claws you but does no damage.
Snorg bites you!!
* * * LOW HITPOINT WARNING * * *
Snorg claws you!
* * * LOW HITPOINT WARNING * * *
Snorg claws you.
You die...

.###....# .#
........#..#
#(.
####.#...[##
#.#
##...#...#
#.#.#
##.....##.#
###.#.#
##.......# .
..$#.#
.........#
#..#.##
.#.......#
#.....#
.##..)..##
#####@T..#
.##.....##
#......#.....
.#.......#
#......# ##.
.<.......#
#.....)#
.........#
#......#
........##
#......#
...#...##
#......#
...#####
#......# ####
######......#


You could see Snorg (berserk, corroded).

Vanquished Creatures
  A two-headed ogre (D:9)
  An ugly thing (D:8)
  A kobold demonologist (D:8)
  2 trolls (D:10)
  Grinder (D:3)
  A shadow (D:10)
  A wraith (D:9)
  A water moccasin (D:8)
  An ice beast (D:8)
  2 orc warriors
  2 sky beasts
  4 ogres
  A necrophage (D:7)
  4 boggarts (D:10)
  2 centaurs
  A phantom (D:6)
  3 kobold brigands
  2 bullfrogs
  A scorpion (D:6)
  A water moccasin skeleton (D:6)
  11 killer bees
  4 wights (D:9)
  2 centaur zombies
  A bullfrog zombie (D:6)
  3 orc priests
  2 hounds
  A bullfrog skeleton (D:7)
  Crazy Yiuf (D:3)
  3 orc wizards (D:9)
  5 iguanas
  2 killer bee zombies
  A mummy (D:5)
  A howler monkey zombie (D:5)
  Robin (D:3)
  4 gnolls
  2 adders (D:3)
  A white imp (D:8)
  2 worms (D:2)
  15 orcs
  5 ball pythons
  5 endoplasms
  6 giant cockroaches
  25 goblins
  14 hobgoblins
  2 jackals (D:1)
  3 quokkas
  5 bats
  2 frilled lizards
  A hobgoblin zombie (D:5)
  16 kobolds
  2 kobold zombies (D:5)
  An orc zombie (D:5)
  6 rats
188 creatures vanquished.

Notes
Turn   | Place    | Note
-------+----------+-------------------------------------------
     0 | D:1      | dolemite99 the Minotaur Fighter began the quest for the
                  | Orb.
     0 | D:1      | Reached XP level 1. HP: 19/19 MP: 0/0
    22 | D:1      | Found a faded altar of an unknown god.
    67 | D:1      | Prayed at the altar of an unknown god.
    67 | D:1      | Became a worshipper of Elyvilon the Healer
    67 | D:1      | Reached * piety under Elyvilon
    93 | D:1      | Reached skill level 3 in Axes
   278 | D:1      | Reached XP level 2. HP: 23/26 MP: 1/1
   311 | D:1      | Found Guckem's Antique Weapon Boutique.
   749 | D:1      | Reached ** piety under Elyvilon
   797 | D:2      | Found a sparkling altar of Nemelex Xobeh.
   809 | D:2      | Reached skill level 1 in Invocations
  1215 | D:1      | Reached skill level 4 in Axes
  1215 | D:1      | Reached XP level 3. HP: 10/31 MP: 1/3
  2019 | D:2      | Reached XP level 4. HP: 24/39 MP: 4/4
  2838 | D:3      | Noticed Grinder
  2843 | D:3      | Paralysed by Grinder for 5 turns
  2849 | D:3      | Killed Grinder
  2850 | D:3      | Reached skill level 5 in Axes
  2850 | D:3      | Reached XP level 5. HP: 22/45 MP: 4/6
  2850 | D:3      | Reached XP level 6. HP: 24/51 MP: 4/7
  3089 | D:3      | Reached skill level 6 in Axes
  3274 | D:3      | Reached *** piety under Elyvilon
  3347 | D:3      | Found Paasu's General Store.
  3355 | D:3      | Bought a potion of haste for 100 gold pieces
  3426 | D:3      | Paralysed by a hobgoblin for 5 turns
  3535 | D:3      | Found a runed translucent door.
  3536 | D:3      | Noticed Crazy Yiuf
  3599 | D:3      | Noticed Robin
  3618 | D:3      | Killed Robin
  3894 | D:3      | Killed Crazy Yiuf
  4054 | D:4      | Elyvilon protects you from harm!
  4426 | D:4      | Reached XP level 7. HP: 49/57 MP: 9/9
  4442 | D:4      | Reached skill level 7 in Axes
  4561 | D:4      | Reached skill level 5 in Invocations
  4833 | D:5      | Entered Level 5 of the Dungeon
  4916 | D:5      | Found Luubex's Magic Scroll Shoppe.
  4928 | D:5      | Found a white marble altar of Elyvilon.
  4999 | D:5      | Found Heissakk's Assorted Antiques.
  5003 | D:5      | Reached **** piety under Elyvilon
  5393 | D:5      | Found a transporter.
  5397 | D:5      | Identified 2 scrolls of acquirement
  5397 | D:5      | Acquired a +1 broad axe of freezing
  5402 | D:5      | Acquired 566 gold pieces
  5460 | D:5      | Bought a scroll of identify for 22 gold pieces
  5460 | D:5      | Bought a scroll of fog for 22 gold pieces
  5460 | D:5      | Bought a scroll of teleportation for 33 gold pieces
  5460 | D:5      | Bought a scroll of magic mapping for 38 gold pieces
  5460 | D:5      | Bought a scroll of magic mapping for 38 gold pieces
  5460 | D:5      | Bought a scroll of enchant weapon for 82 gold pieces
  5483 | D:5      | Found Adocuka's Magic Scroll Shop.
  5487 | D:5      | Bought a scroll of teleportation for 42 gold pieces
  5487 | D:5      | Bought a scroll of identify for 28 gold pieces
  5487 | D:5      | Bought a scroll of identify for 28 gold pieces
  5487 | D:5      | Bought a scroll of identify for 28 gold pieces
  5487 | D:5      | Bought a scroll of identify for 28 gold pieces
  5487 | D:5      | Bought a scroll of fog for 28 gold pieces
  5520 | D:5      | Bought a scroll labelled FIFUCW ZAMYTI for 34 gold pieces
  5621 | D:5      | Bought a fuming amethyst potion for 30 gold pieces
  5621 | D:5      | Bought an orange potion for 30 gold pieces
  5705 | D:5      | Reached skill level 8 in Axes
  5958 | D:5      | Found Geroe's Jewellery Boutique.
  6133 | D:5      | Noticed frimble's ghost (novice TrWr)
  6143 | D:5      | Found a transporter.
  6350 | D:6      | Reached skill level 9 in Axes
  6350 | D:6      | Reached XP level 8. HP: 64/64 MP: 11/11
  6375 | D:6      | Reached skill level 10 in Axes
  6598 | D:6      | Found a hazy altar of Hepliaklqana.
  6850 | D:6      | Found an iron altar of Okawaru.
  7049 | D:6      | Reached skill level 11 in Axes
  7199 | D:6      | Reached ***** piety under Elyvilon
  7698 | D:7      | Found Offecaxel's Armour Boutique.
  7876 | D:7      | Bought a +0 pair of gloves for 63 gold pieces
  7921 | D:7      | Found a staircase to the Ecumenical Temple.
  8095 | D:7      | Found a shimmering blue altar of Sif Muna.
  8112 | D:7      | Reached skill level 12 in Axes
  8205 | D:7      | You fall into a shaft and drop 2 floors!
  8210 | D:9      | Reached XP level 9. HP: 69/69 MP: 12/12
  8223 | D:9      | Reached skill level 13 in Axes
  8315 | D:9      | Found a staircase to the Orcish Mines.
  8331 | D:8      | Noticed a brown ugly thing
  8344 | D:8      | Killed a brown ugly thing
  8615 | D:8      | Noticed a kobold demonologist
  8616 | D:8      | Noticed an ice devil
  8623 | D:8      | Noticed an orange demon
  8624 | D:8      | Killed a kobold demonologist
  8625 | D:8      | Reached skill level 5 in Fighting
  8625 | D:8      | Reached skill level 5 in Armour
  9016 | D:8      | Found a blossoming altar of Fedhas.
  9659 | D:8      | Found Jerawoc's Assorted Antiques.
  9668 | D:8      | Bought a knobbly cabochon ring for 125 gold pieces
  9951 | D:9      | Found a staircase to the Lair.
 10100 | D:9      | Found an ancient bone altar of Kikubaaqudgha.
 10100 | D:9      | Noticed a two-headed ogre
 10528 | D:9      | Reached XP level 10. HP: 78/84 MP: 13/13
 10543 | D:9      | Killed a two-headed ogre
 10837 | D:9      | Found a sacrificial altar of Ru.
 10893 | D:10     | Entered Level 10 of the Dungeon
 11083 | D:10     | Noticed a two-headed ogre
 11298 | D:10     | Noticed Snorg
 11310 | D:10     | HP: 1/88 [Snorg (9)]
 11310 | D:10     | Slain by Snorg

Illustrated notes

Levels and vault maps discovered:
D:1:      dpeg_arrival_orchard, layout_basic, serial_shops, shop,
          chequers_ecumenical_altar_island
D:2:      layout_basic, basic_altar, nicolae_figureground_pulse
D:3:      kennysheep_the_goblin_king, layout_loops_ring,
          lemuel_coloured_pillars_altar, serial_shops,
          nicolae_shop_advertising_works [nicolae_subvault_shop_adworks],
          uniq_grinder, uniq_crazy_yiuf_cottage, uniq_robin
D:4:      layout_rooms, minmay_goblin_outpost
D:5:      layout_loops_corners, lemuel_crystal_altar,
          gammafunk_ghost_stat_death, serial_shops, kennysheep_mini_moat, shop,
          kennysheep_little_box, shop, chequers_serial_rivers_small_a,
          minmay_mini_ossuary
D:6:      layout_loops_ring, mainiacjoe_overflow_six_doors_small,
          mainiacjoe_overflow_surrounded_room
D:7:      layout_basic, mainiacjoe_overflow_small_starburst,
          minmay_temple_entry_from_below_b, biasface_ghost_orc_armoury,
          serial_shops, nicolae_shop_trees
D:8:      layout_basic, mainiacjoe_overflow_brackets, serial_shops,
          nicolae_lakefront_shop, serial_co_window_serial,
          co_window_of_opportunity_a, co_window_paths_b, co_window_paths_b,
          co_window_corner_a, co_window_paths_a, co_window_corner_a,
          co_window_of_opportunity_a, co_window_broadway_b, co_window_2corner,
          co_window_corner_cb, co_window_4corner_b, co_window_4corner_a,
          glass_columns_c, glass_columns_b, glass_columns_a, eino_jars
D:9:      layout_gridville, amcnicky_altar_gilded,
          mainiacjoe_overflow_tiny_flanked, lair_entry_dummy, orc_0_dummy
D:10:     layout_rooms, serial_park_tiny_pond, uniq_snorg

Skill      XL: |  1  2  3  4  5  6  7  8  9 10 |
---------------+-------------------------------+-----
Axes           | 3 4 5 6 9 12 13 | 13.9
Invocations    | 1 2 3 4 5 6 |  6.4
Fighting       | 6 7 |  7.8
Armour         | 6 7 |  7.8
Shields        | |  3.6

Action                   |  1- 3 |  4- 6 |  7- 9 | 10-12 || total
-------------------------+-------+-------+-------+-------++-------
Melee: War axe           |    75 |    88 |    40 |       ||   203
       Headbutt          |    11 |    13 |    30 |    13 ||    67
       Broad axe         |       |       |   172 |    72 ||   244
Throw: Dart              |     2 |    17 |    47 |    10 ||    76
Invok: Heal Self         |       |     1 |     7 |     2 ||    10
       Heal Other        |       |       |     3 |     1 ||     4
Evoke: Wand              |       |       |       |     6 ||     6
  Use: Potion            |       |     1 |     1 |       ||     2
       Scroll            |       |       |    20 |       ||    20
Armor: Scale mail        |    38 |    44 |    29 |       ||   111
       Chain mail        |       |       |    51 |    33 ||    84
       Skin              |       |       |    38 |       ||    38
Dodge: Dodged            |    34 |    34 |    88 |    26 ||   182
Block: Buckler           |    17 |    15 |    80 |    33 ||   145
       Reflection        |       |       |     3 |     4 ||     7

Table legend: (Time is in decaauts)
 A = Elapsed time spent in this place.
 B = Non-inter-level travel time spent in this place.
 C = Inter-level travel time spent in this place.
 D = Time resting spent in this place.
 E = Time spent auto-exploring this place.
 F = Levels seen in this place.
 G = Mean time per level.
                   A        B        C        D        E       F      G
               +--------+--------+--------+--------+--------+-----+--------+
         Total |  11364 |  10902 |    462 |   2916 |   6175 |  10 | 1136.4 |
       Dungeon |  11364 |  10902 |    462 |   2916 |   6175 |  10 | 1136.4 |
               +--------+--------+--------+--------+--------+-----+--------+

Top non-repeatable levels by time:
     D:8: 1893 daAuts
     D:1: 1641 daAuts
     D:5: 1545 daAuts
     D:2: 1230 daAuts
     D:3: 1107 daAuts
     D:6: 1092 daAuts
     D:4: 952 daAuts
     D:9: 788 daAuts
     D:7: 701 daAuts
    D:10: 411 daAuts
